AoeStats
← 大王同学

Nomad

503139733Analyzed
4v4 RM · 1mo ago on Aug 30, 2026· 30m 39s· 8 players
Game mode
Random Map
Map size
231×231
Population
200
Speed
Normal
Resources
Standard
Victory
Conquest
Starting age
Dark Age
Ending age
Imperial Age
RankedLock teamsTeams togetherTeam positionsShared explorationLock speedFull tech treeHidden civsTurbo modeCheats
Victory
Defeat
🇭🇰 Mapuche · Hong Kong SAR China
1299
+8
🇺🇸 Byzantines · United States
1185
+13
🇨🇳 Huns · China
1035
+58
🇨🇳 Persians · China
1002
+21
🇦🇷 Persians · Argentina
1277
-22
🇪🇸 Magyars · Spain
1123
-16
🇨🇳 Saracens · China
1111
-15
🇦🇷 Teutons · Argentina
964
-30
fran135
9:08 Loom
25:54 Feudal Age
27:10 Double-Bit Axe
wuyu
5:20 Loom
14:27 Feudal Age
18:50 Castle Age
17:22 Double-Bit Axe
17:50 Horse Collar
19:05 Stone Mining
20:04 Bow Saw
21:32 Scale Barding Armor
facucasla98
6:08 Loom
15:41 Feudal Age
21:00 Castle Age
19:35 Scale Barding Armor
22:07 Horse Collar
22:15 Double-Bit Axe
23:40 Chain Barding Armor
26:41 Forging
28:34 Bow Saw
29:04 Iron Casting
29:10 Stone Mining
29:11 Gold Mining
MaanWolf5134
5:02 Loom
15:02 Feudal Age
19:03 Castle Age
20:47 Husbandry
20:56 Scale Barding Armor
21:01 Forging
20:56 Scale Barding Armor
20:46 Double-Bit Axe
26:39 Horse Collar
26:59 Gold Mining
29:54 Stone Mining
大王同学
5:12 Loom
14:58 Feudal Age
16:18 Double-Bit Axe
17:24 Horse Collar
17:51 Gold Mining
20:33 Castle Age
18:27 Fletching
18:36 Fishing Lines
21:27 Bodkin Arrow
21:32 Padded Archer Armor
21:48 Bow Saw
22:49 Wheelbarrow
24:00 Town Watch
24:30 Hand Cart
25:17 Gold Shaft Mining
蓝色村民
11:47 Loom
15:21 Feudal Age
16:51 Feudal Age
16:53 Loom
20:10 Double-Bit Axe
20:07 Horse Collar
22:41 Castle Age
21:10 Fletching
21:22 Padded Archer Armor
24:40 Wheelbarrow
24:19 Bow Saw
24:02 Gold Mining
24:27 Thumb Ring
24:26 Fishing Lines
26:41 Gillnets
27:12 Bloodlines
29:03 Husbandry
wujiang
4:16 Loom
19:58 Feudal Age
20:48 Double-Bit Axe
24:39 Castle Age
27:13 Town Watch
鱼塘里的鱼儿
4:55 Loom
13:55 Feudal Age
15:13 Feudal Age
18:27 Wheelbarrow
17:50 Double-Bit Axe
20:14 Castle Age
19:30 Gold Mining
20:44 Stone Mining
25:55 Imperial Age
24:49 Hand Cart
24:47 Bow Saw
25:17 Gold Shaft Mining
24:22 Pikeman
28:25 Scale Barding Armor
28:52 Horse Collar
30:37 Chain Barding Armor
Connection lost

Rejoining the realm…

Still unreachable

The connection could not be restored.

Session expired

The server has moved on; the page needs a fresh start.